 Dungeon Crawl Stone Soup version 0.28.0 (webtiles) character file.

Game seed: 8654503493692351080

3611 hawla the Arsonist (level 9, -2/71 HPs)
             Began as a Yellow Draconian Conjurer on Feb 14, 2022.
             Was an Initiate of Vehumet.
             Asphyxiated
             ... on level 6 of the Dungeon on Feb 15, 2022.
             The game lasted 00:28:39 (9351 turns).

hawla the Arsonist (Yellow Draconian Conjurer)      Turns: 9351, Time: 00:28:40

Health: -2/71      AC: 11    Str: 10    XL:     9   Next: 86%
Magic:  5/19       EV: 12    Int: 22    God:    Vehumet [......]
Gold:   107        SH:  4    Dex: 10    Spells: 10/21 levels left

rFire   . . .      SeeInvis .   g - +1 long sword
rCold   . . .      Faith    .   a - +0 buckler
rNeg    . . .      Spirit   .   (armour unavailable)
rPois   .          Reflect  .   (helmet restricted)
rElec   .          Harm     .   b - +1 cloak
rCorr   +          Rampage  .   f - +0 pair of gloves
Will    .....                   c - +0 pair of boots
Stlth   ++........              (no amulet)
HPRegen 0.21/turn               (no ring)
MPRegen 0.16/turn               (no ring)

@: lethally poisoned (-2 -> -36), hasted and slowed
A: spit acid, AC +7, unfitting armour, cold-blooded, acid resistance
a: Breathe Acid, Renounce Religion


You were on level 6 of the Dungeon.
You worshipped Vehumet.
Vehumet was noncommittal.
You visited 2 branches of the dungeon, and saw 7 of its levels.
You also visited: Sewer.

You collected 347 gold pieces.
You spent 240 gold pieces at shops.

Inventory:

Hand Weapons
 g - a +1 long sword (weapon)
Missiles
 s - a throwing net (quivered)
Armour
 a - a +0 buckler (worn)
 b - a +1 cloak (worn)
 c - a +0 pair of boots (worn)
 f - a +0 pair of gloves (worn)
 m - a +0 robe
Magical Staves
 h - a staff of conjuration
Jewellery
 j - a +6 ring of dexterity
 p - a ring of ice
Wands
 q - a wand of acid (2)
Scrolls
 n - a scroll of enchant armour
 r - a scroll of enchant weapon
Potions
 e - a potion of cancellation
 i - a potion of might


   Skills:
 - Level 4.0 Fighting
 - Level 4.2 Dodging
 - Level 3.2 Stealth
 - Level 4.0 Shields
 - Level 6.7 Spellcasting
 - Level 8.2 Conjurations
 - Level 3.0 Summonings
 - Level 1.0 Translocations
 + Level 9.1 Fire Magic
 - Level 1.0 Evocations


You had 10 spell levels left.
You knew the following spells:

 Your Spells              Type           Power      Damage    Failure   Level
a - Magic Dart            Conj           100%       1d8       1%          1
b - Searing Ray           Conj           86%        2d7       1%          2
c - Flame Wave            Conj/Fire      45%        2d10      3%          4
d - Call Canine Familiar  Summ           20%        N/A       10%         3
e - Apportation           Tloc           22%        N/A       7%          1

Your spell library contained the following spells:

 Spells                   Type           Power      Damage    Failure   Level
 Summon Small Mammal      Summ           80%        N/A       3%          1
 Sticky Flame             Conj/Fire      45%        2d6       3%          4
 Dazzling Flash           Conj/Hex       50%        N/A       6%          3
 Animate Skeleton         Necr           14%        N/A       11%         1
 Iskenderun's Mystic Bla  Conj/Tloc      27%        2d7       16%         4
 Summon Guardian Golem    Hex/Summ       14%        N/A       17%         3
 Fulminant Prism          Conj/Hex       12%        3d9       19%         4
 Portal Projectile        Hex/Tloc       18%        N/A       26%         3
 Alistair's Intoxication  Tmut/Pois      4%         N/A       96%         5
 Blade Hands              Tmut           3%         N/A       96%         5
 Excruciating Wounds      Necr           3%         N/A       96%         5


Dungeon Overview and Level Annotations

Branches:
Dungeon (6/15)             Temple (1/1) D:6           Sewer (visited)

Altars:
Ashenzari
Cheibriados
Elyvilon
Fedhas
Gozag
Hepliaklqana
Kikubaaqudgha
Nemelex Xobeh
Okawaru
Qazlal
Ru
Sif Muna
Uskayaw
Vehumet
Yredelemnul

Shops:
D:4 *[

Annotations:
D:6 Dowan, Duvessa, Sigmund


Innate Abilities, Weirdness & Mutations

You can spit globs of acid.
Your golden yellow scales are hard. (AC +7)
You cannot fit into any form of body armour.
You are cold-blooded and may be slowed by cold attacks.
You are resistant to acid. (rCorr)


Message History

The curare-tipped dart hits you.
You are more poisoned.
You have difficulty breathing.
* * * LOW HITPOINT WARNING * * *
You feel as though you will be slow longer.
A kobold comes into view. It is wielding a +0 whip.
Things that are here:
a +0 robe; a +2 whip of freezing; 2 potions of brilliance You feel much better.
You feel very sick.
A hound comes into view.
You feel very sick.
The kobold brigand throws a curare-tipped dart.
The curare-tipped dart hits you.
You are more poisoned.
You have difficulty breathing.
You feel as though you will be slow longer.
The kobold brigand throws a curare-tipped dart.
You block the curare-tipped dart.
You feel yourself speed up.
You feel very sick.
The kobold shouts!
You feel sick.
You feel sick.
You feel sick.
You feel sick.
The kobold brigand throws a curare-tipped dart.
The curare-tipped dart hits you.
You are lethally poisoned!
You have difficulty breathing.
* * * LOW HITPOINT WARNING * * *
You feel as though you will be slow longer.
There is a stone staircase leading up here.
* * * LOW HITPOINT WARNING * * *
You feel very sick.
The kobold brigand throws a curare-tipped dart.
The curare-tipped dart hits you.
You are more poisoned.
You have difficulty breathing.
You die...

#............
##.............
#..............
#..............
#....(........#
##............#
#.............# ##
#.....@K...#..# ##..#
#........###..##....#
#.............#.....#
............##.......#
.....#######K........#
#..## ##..K.......#
### ###..........##
#............###
##.............##


You could see a kobold brigand and 2 kobolds.

Vanquished Creatures
  A water moccasin (D:5)
  An orc warrior (D:6)
  An ice beast (D:6)
  3 ogres
  A necrophage (D:6)
  A bullfrog (D:6)
  A scorpion (D:6)
  A wyvern skeleton (D:5)
  A water moccasin skeleton (D:5)
  2 hounds (D:4)
  A jelly (D:5)
  An orc priest (D:3)
  2 iguanas
  2 orc wizards (D:5)
  A howler monkey skeleton (D:6)
  9 adders
  8 river rats
  2 worms
  A dart slug (D:3)
  8 orcs
  6 ball pythons
  2 bats (D:1)
  6 endoplasms
  4 giant cockroaches
  11 goblins
  10 hobgoblins
  8 jackals
  6 kobolds
  9 quokkas
  10 frilled lizards
  12 rats
132 creatures vanquished.

Vanquished Creatures (collateral kills)
  Pikel (D:6)
  A hound (D:5)
  A bullfrog skeleton (D:5)
  An ufetubus (D:5)
  An orc (D:4)
  3 jackals
  A ball python (D:3)
9 creatures vanquished.

Vanquished Creatures (others)
  9 fungi (D:5)
9 creatures vanquished.

Grand Total: 150 creatures vanquished

Notes
Turn   | Place    | Note
-------+----------+-------------------------------------------
     0 | D:1      | hawla the Draconian Conjurer began the quest for the Orb.
     0 | D:1      | Reached XP level 1. HP: 14/14 MP: 3/3
   195 | D:1      | Found a faded altar of an unknown god.
   220 | D:1      | Reached XP level 2. HP: 20/20 MP: 1/5
   496 | D:1      | Learned a level 2 spell: Searing Ray
  1336 | D:1      | Reached XP level 3. HP: 26/26 MP: 4/6
  2194 | D:2      | Learned a level 1 spell: Summon Small Mammal
  2346 | D:2      | Reached XP level 4. HP: 28/33 MP: 5/7
  2904 | D:3      | Reached skill level 5 in Conjurations
  3027 | D:3      | Found a glowing drain.
  3034 | Sewer    | Entered a sewer
  3525 | Sewer    | Reached XP level 5. HP: 31/39 MP: 0/8
  3599 | Sewer    | Reached skill level 1 in Shields
  4237 | D:3      | Reached skill level 1 in Fighting
  4692 | D:3      | Reached XP level 6. HP: 47/47 MP: 7/10
  5068 | D:4      | Found a stormy altar of Qazlal.
  5246 | D:4      | Found Ebleg's Armour Boutique.
  5453 | D:4      | Learned a level 3 spell: Call Canine Familiar
  5467 | D:4      | Found Cetiyjew's Fire Supplies.
  6125 | D:5      | Entered Level 5 of the Dungeon
  6270 | D:5      | Found a broken altar of Ashenzari.
  6391 | D:5      | Noticed a water moccasin
  6407 | D:5      | Killed a water moccasin
  6408 | D:5      | Reached skill level 1 in Summonings
  6408 | D:5      | Your scales start taking on a golden yellow colour.
  6408 | D:5      | Reached XP level 7. HP: 29/52 MP: 6/12
  6408 | D:5      | Gained mutation: You are resistant to acid. (rCorr) [Yellow
                  | Draconian growth]
  7284 | D:5      | Found a snail-covered altar of Cheibriados.
  7393 | D:5      | Found a shimmering blue altar of Sif Muna.
  7763 | D:5      | Found a hide-covered altar of Uskayaw.
  7855 | D:4      | Bought the Collected Works on the Arsonist for 240 gold
                  | pieces
  7998 | D:5      | Identified the +2 chain mail of Calculation {rF+ rN+ Will+
                  | Dex-2}
  8072 | D:5      | Learned a level 4 spell: Flame Wave
  8074 | D:5      | Learned a level 1 spell: Apportation
  8083 | D:5      | Got Sif Muna's Compendium of Evil
  8191 | D:6      | Found a staircase to the Ecumenical Temple.
  8217 | D:6      | Reached XP level 8. HP: 62/62 MP: 1/14
  8229 | Temple   | Entered the Ecumenical Temple
  8356 | Temple   | Became a worshipper of Vehumet
  8423 | D:6      | Reached skill level 1 in Translocations
  8423 | D:6      | Reached skill level 1 in Evocations
  8718 | D:6      | Reached skill level 1 in Fire Magic
  8753 | D:6      | Noticed Duvessa
  8753 | D:6      | Noticed Dowan
  8764 | D:6      | Noticed Sigmund
  9301 | D:6      | Noticed Pikel
  9323 | D:6      | Killed Pikel
  9324 | D:6      | Reached skill level 4 in Fire Magic
  9325 | D:6      | Reached skill level 9 in Fire Magic
  9325 | D:6      | Reached XP level 9. HP: 41/71 MP: 1/19
  9351 | D:6      | Asphyxiated

Illustrated notes

Levels and vault maps discovered:
D:1:      amcnicky_arrival_flooded_fountain, layout_basic,
          basic_ecumenical_altar, kennysheep_decorative_pillar
D:2:      layout_basic, fountainhead, kennysheep_generic_room_10
D:3:      corexii_shack_village, layout_basic, gup_sewer_entry_bubbles
D:4:      layout_basic, grunt_qazlal_sundering, minmay_shop_grid_forest,
          minmay_misc_feat_plants, minmay_hedge_maze,
          hangedman_decor_clover_reticule, moated_statue,
          chequers_serial_rivers_large_b, nicolae_shop_fire_sale
          [nicolae_sub_dead_trees]
D:5:      layout_basic, lemuel_coloured_pillars_altar,
          mainiacjoe_overflow_cross_hatched, led_sif_book, amcnicky_altar_gilded
D:6:      layout_cave_pods, bloody_trog, minmay_temple_entry_glassed_door,
          uniq_pikel, uniq_duvessa, uniq_sigmund
Temple:   eino_wide_crystal_templ

Skill      XL: |  1  2  3  4  5  6  7  8 |
---------------+-------------------------+-----
Dodging        | 2 3 4 |  4.2
Conjurations   | 5 8 |  8.2
Stealth        | 2 3 |  3.2
Shields        | 1 2 4 |  4.0
Fighting       | 1 2 4 |  4.0
Spellcasting   | 3 4 6 |  6.7
Summonings     | 1 2 3 |  3.0
Translocations | 1 |  1.0
Evocations     | 1 |  1.0
Fire Magic     | 9 |  9.1

Action                   |  1- 3 |  4- 6 |  7- 9 || total
-------------------------+-------+-------+-------++-------
Melee: Unarmed           |    33 |       |       ||    33
       Tailslap          |     3 |    26 |    10 ||    39
       Long sword        |    23 |   216 |    63 ||   302
Throw: Dart              |       |       |     4 ||     4
 Cast: Magic Dart        |    37 |    20 |    21 ||    78
       Searing Ray       |     9 |    21 |    19 ||    49
       Summon Small Mamm |     1 |    11 |       ||    12
       Call Canine Famil |       |     4 |     6 ||    10
       Apportation       |       |       |     5 ||     5
       Flame Wave        |       |       |     2 ||     2
  Use: Scroll            |     3 |     8 |     3 ||    14
       Potion            |       |     5 |     4 ||     9
 Stab: Sleeping          |     1 |     6 |     1 ||     8
Armor: Skin              |    32 |    93 |    31 ||   156
Dodge: Dodged            |    56 |   174 |    59 ||   289
Block: Buckler           |    13 |    53 |    24 ||    90
